 Dungeon Crawl Stone Soup version 0.21-a0-361-g4efd3f9 (webtiles) character file.

91 tof the Caller (level 4, -3/24 HPs)
             Began as a Tengu Summoner on Oct 13, 2017.
             Slain by an iron imp (12 damage)
             ... on level 3 of the Dungeon.
             The game lasted 00:06:25 (3036 turns).

tof the Caller (Tengu Summoner)                     Turns: 3036, Time: 00:06:26

Health: -3/24      AC:  2    Str:  7 (10) XL:     4   Next: 59%
Magic:  4/9        EV: 13    Int: 14 (15) God:
Gold:   142        SH:  0    Dex: 12 (14) Spells: 5/8 levels left

rFire    . . .     SeeInvis .   j - +0 spear
rCold    . . .     Gourm    .   (no shield)
rNeg     . . .     Faith    .   a - +0 robe
rPois    .         Spirit   .   (helmet restricted)
rElec    .         Reflect  .   (no cloak)
rCorr    .         Harm     .   (no gloves)
MR       .....                  (boots unavailable)
Stlth    ++........             (no amulet)
HPRegen  0.08/turn              (no ring)
MPRegen  0.11/turn              (no ring)

@: no status effects
A: beak, talons 3
a: no special abilities


You were on level 3 of the Dungeon.
You were hungry.

You visited 1 branch of the dungeon, and saw 3 of its levels.

You collected 142 gold pieces.

Inventory:

Hand Weapons
 j - a +0 spear (weapon)
Armour
 a - a +0 robe (worn)
Jewellery
 g - an uncursed amulet of faith {unknown}
Scrolls
 d - 2 scrolls of identify {unknown}
 e - a scroll of enchant armour {unknown}
 f - a scroll of blinking {unknown}
 h - a scroll of fear {unknown}
 i - 2 scrolls of noise {unknown}
 l - a scroll of enchant weapon {unknown}
 o - a scroll of teleportation {unknown}
 q - 2 scrolls of remove curse {unknown}
Potions
 k - a potion of lignification {unknown}
 m - a potion of cancellation {unknown}
 n - a potion of resistance {unknown}
Books
 b - a book of Callings

   Spells                             Type                      Level
   a - Summon Small Mammal            Summoning                    1
   b - Call Imp                       Summoning                    2
   c - Call Canine Familiar           Summoning                    3
   d - Summon Guardian Golem          Hexes/Summoning              3
   e - Summon Lightning Spire         Summoning/Air                4
   f - Summon Ice Beast               Ice/Summoning                4
Comestibles
 c - 5 bread rations
 p - a meat ration


   Skills:
 + Level 3.2 Dodging
 + Level 2.9 Stealth
 + Level 2.6 Spellcasting
 + Level 5.5 Summonings


You had 5 spell levels left.
You knew the following spells:

 Your Spells              Type           Power        Failure   Level  Hunger
a - Summon Small Mammal   Summ           ###.         2%          1    #......
b - Call Imp              Summ           ###.....     3%          2    ###....


Dungeon Overview and Level Annotations

Branches:
Dungeon (3/15)

Altars:
Dithmenos
Makhleb
Yredelemnul


Innate Abilities, Weirdness & Mutations

You have a beak for a mouth.
You have claws for feet.


Message History

Your crimson imp closely misses the iron imp.
Your crimson imp hits the iron imp but does no damage.
You barely miss the iron imp.
The iron imp is lightly wounded.
The iron imp hits you!
Your crimson imp barely misses the iron imp.
The iron imp closely misses you.
You hit the iron imp but do no damage.
The iron imp is lightly wounded.
Your crimson imp hits the iron imp.
The iron imp barely misses you.
You are too injured to fight recklessly!
You are too injured to fight recklessly!
You are too injured to fight recklessly!
You are too injured to fight recklessly!
You hit the iron imp.
The iron imp is moderately wounded.
Your crimson imp closely misses the iron imp.
The iron imp hits you!
Ouch! That really hurt!
You die...

###########
.....§..§55#
≈≈......§55@#
§≈..._...§≈.#
≈≈.......≈≈.#
..≈≈.....≈§..#
#...≈§≈.§≈≈...#
#....≈≈8≈≈....#
#.....§≈§§.)..#
#.............#
#........(....#


You could see 2 iron imps and 2 friendly crimson imps.

Vanquished Creatures
  An ooze (D:1)
  A worm (D:2)
  3 dart slugs (D:1)
  3 bats
  A giant cockroach (D:1)
  A gnoll zombie (D:2)
  6 goblins
  2 hobgoblins (D:1)
  A quokka (D:2)
  A ball python (D:1)
  A frilled lizard (D:1)
  2 kobolds
  9 rats
32 creatures vanquished.

Vanquished Creatures (collateral kills)
  An iron imp (D:3)
  2 adders (D:2)
  2 worms (D:2)
  A ball python (D:1)
  A gnoll zombie (D:2)
  4 goblins
  6 hobgoblins
  5 kobolds
  4 bats
  2 rats (D:1)
28 creatures vanquished.

Grand Total: 60 creatures vanquished

Notes
Turn   | Place    | Note
-------+----------+-------------------------------------------
     0 | D:1      | tof the Tengu Summoner began the quest for the Orb.
     0 | D:1      | Reached XP level 1. HP: 10/10 MP: 4/4
   285 | D:1      | Reached XP level 2. HP: 3/15 MP: 1/6
   517 | D:1      | Learned a level 2 spell: Call Imp
   552 | D:1      | Reached skill level 5 in Summonings
   897 | D:1      | Reached XP level 3. HP: 19/19 MP: 7/7
  1554 | D:2      | Found a shadowy altar of Dithmenos.
  1707 | D:2      | Reached XP level 4. HP: 3/24 MP: 2/8
  1711 | D:2      | HP: 1/24 [poisoned by an adder]
  2085 | D:2      | Found a basalt altar of Yredelemnul.
  3019 | D:3      | Found a burning altar of Makhleb.
  3036 | D:3      | Slain by an iron imp

Vault maps used:
D:1:      minmay_arrival_widening_spiral_wide, st_stairs_9,
          minmay_small_reverse_x
D:2:      lemuel_zombie_altar_yredelemnul, overflow_temple_1_default,
          first_bread, grunt_decor_one_mirror, minmay_tall_x
D:3:      demons_altar, lemuel_round_altar

Skill      XL: |  1  2  3 |
---------------+----------+-----
Summonings     | 5 |  5.5
Dodging        | 3 |  3.2
Stealth        | |  2.9
Spellcasting   | |  2.6

Action                   |  1- 3 |  4- 6 || total
-------------------------+-------+-------++-------
Melee: Unarmed           |    27 |       ||    27
       Kick              |     8 |     6 ||    14
       Peck              |    12 |     2 ||    14
       Spear             |    59 |    35 ||    94
 Cast: Summon Small Mamm |    15 |       ||    15
       Call Imp          |    15 |    14 ||    29
  Use: Potion            |       |     2 ||     2
 Stab: Sleeping          |     2 |     1 ||     3
  Eat: Chunk             |     3 |     5 ||     8
Armor: Robe              |     9 |     3 ||    12
Dodge: Dodged            |    57 |     9 ||    66

Table legend:
 A = Spawn XP
 B = Non-spawn XP
 C = Spawn XP percentage of total XP
 D = Spawn monster count
 E = Non-spawn monster count
 F = Spawn count percentage of total count
 G = Total turns spent on level
                    A         B        C        D         E        F      G
               +---------+---------+-------+---------+---------+-------+---------
         Total |       0 |     131 |   0.0 |       0 |      60 |   0.0 |  3036
               +---------+---------+-------+---------+---------+-------+---------
           D:1 |       0 |      55 |   0.0 |       0 |      32 |   0.0 |  1319
           D:2 |       0 |      56 |   0.0 |       0 |      27 |   0.0 |  1623
           D:3 |       0 |      20 |   0.0 |       0 |       1 |   0.0 |    94
               +---------+---------+-------+---------+---------+-------+---------
